ESL (28 & UNDER)
WILMINGTON REBELS @ BUFFALO LIGHTSABRES
08/22/2028
 
TOP OF THE 1ST
Wilmington Rebels batting - Pitching for Buffalo LightSabres : RHP Ben Graham
Pitching: RHP Ben Graham
Batting: RHB Marlon Hernández 0-0: Foul Ball, location: 2F
0-1: SOLO HOME RUN (Flyball, 7D), Distance : 376 ft
Batting: LHB Mario Álvarez 0-0: Swinging Strike
0-1: Ball
1-1: Fly out, F8 (Flyball, 8RM)
Batting: RHB Remi Eruzione 0-0: Ball
1-0: Ball
2-0: Called Strike
2-1: Ball
3-1: Base on Balls
Batting: RHB Henry Dawson 0-0: Called Strike
0-1: Ball
1-1: Ball
Remi Eruzione steals 2nd base
2-1: Fly out, F7 (Line Drive, 7)
Batting: RHB Juan Jose Mendoza 0-0: Called Strike
0-1: Ball
1-1: Foul Ball, location: 2F
1-2: Ball
2-2: Ball
3-2: Strikes out looking
Top of the 1st over - 1 run(s), 1 hit(s), 0 error(s), 1 left on base; Wilmington 1 - Buffalo 0
BOTTOM OF THE 1ST
Buffalo LightSabres batting - Pitching for Wilmington Rebels : RHP Danny Lee
Pitching: RHP Danny Lee
Batting: SHB Jason Mason 0-0: Ball
1-0: Swinging Strike
1-1: Foul Ball, location: 2F
1-2: Ball
2-2: Ball
3-2: SINGLE (Groundball, 6MD)
Batting: RHB Mike Wagner 0-0: Ball
1-0: Called Strike
Jason Mason steals 2nd base
1-1: Ball
2-1: Ball
Jason Mason steals 3rd base
3-1: Fly out, F8 (Flyball, 89M)
Runner from 3rd tags up, SCORES, no throw
Batting: LHB Garrett King 0-0: Ball
1-0: Foul Ball, location: 2F
1-1: SOLO HOME RUN (Flyball, 9D), Distance : 375 ft
Batting: LHB Zack Payton 0-0: Ball
1-0: Ball
2-0: SINGLE (Groundball, 6D)
Batting: RHB Mario Solís 0-0: Ball
1-0: Ball
2-0: Foul Ball, location: 2F
2-1: Called Strike
2-2: Foul Ball, location: 2F
2-2: Strikes out looking
Batting: LHB Craig Kenney 0-0: Ball
1-0: Foul Ball, location: 2F
1-1: Ground out 4-3 (Groundball, 4M)
Bottom of the 1st over - 2 run(s), 3 hit(s), 0 error(s), 1 left on base; Wilmington 1 - Buffalo 2
TOP OF THE 2ND
Wilmington Rebels batting - Pitching for Buffalo LightSabres : RHP Ben Graham
Batting: RHB Sergio Moreno 0-0: Called Strike
0-1: SINGLE (Flyball, 8LS)
Batting: LHB Guillermo Santos 0-0: Swinging Strike
0-1: Ball
1-1: Ball
2-1: Ball
3-1: SINGLE (Groundball, 4MD)
Sergio Moreno to second
Batting: RHB Anastasio Movonda 0-0: Ball
1-0: Ball
2-0: Foul Ball, location: 2F
2-1: Ball
3-1: Fly out, F5 (Line Drive, 56)
Batting: LHB Juan Delgado 0-0: Ball
1-0: Called Strike
1-1: Foul Ball, location: 2F
1-2: Ball
2-2: Ground out U3 (Groundball, 34S)
Sergio Moreno to third
Guillermo Santos to second
Batting: RHB Marlon Hernández 0-0: Ground out 6-3 (Groundball, 56)
Top of the 2nd over - 0 run(s), 2 hit(s), 0 error(s), 2 left on base; Wilmington 1 - Buffalo 2
BOTTOM OF THE 2ND
Buffalo LightSabres batting - Pitching for Wilmington Rebels : RHP Danny Lee
Batting: RHB Gabriel Ángel 0-0: Called Strike
0-1: Foul Ball, location: 2F
0-2: Strikes out looking
Batting: SHB Clifton Hampton 0-0: Called Strike
0-1: Foul Ball, location: 2F
0-2: Foul Ball, location: 2F
0-2: Foul Ball, location: 2F
0-2: Ball
1-2: Fly out, F9 (Flyball, 9)
Batting: LHB Matt Ruskin 0-0: SINGLE (Groundball, 34) (infield hit)
Batting: SHB Jason Mason 0-0: Fielders Choice at 2nd, 6-4 (Groundball, 6)
Bottom of the 2nd over - 0 run(s), 1 hit(s), 0 error(s), 0 left on base; Wilmington 1 - Buffalo 2
TOP OF THE 3RD
Wilmington Rebels batting - Pitching for Buffalo LightSabres : RHP Ben Graham
Batting: LHB Mario Álvarez 0-0: Ball
1-0: Called Strike
1-1: Ball
2-1: Ball
3-1: Foul Ball, location: 2F
3-2: SINGLE (Line Drive, 56D)
Batting: RHB Remi Eruzione 0-0: Ball
1-0: Called Strike
1-1: Fly out, F3 (Popup, 34)
Batting: RHB Henry Dawson 0-0: Called Strike
0-1: Swinging Strike
0-2: Ball
1-2: SINGLE (Flyball, 7LM)
Mario Álvarez to second
Batting: RHB Juan Jose Mendoza 0-0: Ball
1-0: Ball
2-0: Foul Ball, location: 2F
2-1: Called Strike
2-2: Fly out, F9 (Flyball, 9)
Batting: RHB Sergio Moreno 0-0: Called Strike
0-1: Called Strike
0-2: Hit by Pitch
Mario Álvarez to third
Henry Dawson to second
Batting: LHB Guillermo Santos 0-0: Called Strike
0-1: Called Strike
0-2: GRAND SLAM HOME RUN (Flyball, 8LXD), Distance : 404 ft
Batting: RHB Anastasio Movonda 0-0: Called Strike
0-1: Ball
1-1: Ball
2-1: Ball
3-1: Base on Balls
Batting: LHB Juan Delgado 0-0: Ball
Anastasio Movonda steals 2nd base
1-0: Ground out U3 (Groundball, 3)
Top of the 3rd over - 4 run(s), 3 hit(s), 0 error(s), 1 left on base; Wilmington 5 - Buffalo 2
BOTTOM OF THE 3RD
Buffalo LightSabres batting - Pitching for Wilmington Rebels : RHP Danny Lee
Batting: RHB Mike Wagner 0-0: Ground out 6-3 (Groundball, 6M)
Batting: LHB Garrett King 0-0: Foul Ball, location: 2F
0-1: Foul Ball, location: 2F
0-2: Strikes out looking
Batting: LHB Zack Payton 0-0: Called Strike
0-1: Called Strike
0-2: Ball
1-2: Ball
2-2: Ball
3-2: Fly out, F9 (Flyball, 89M)
Bottom of the 3rd over - 0 run(s), 0 hit(s), 0 error(s), 0 left on base; Wilmington 5 - Buffalo 2
TOP OF THE 4TH
Wilmington Rebels batting - Pitching for Buffalo LightSabres : RHP Ben Graham
Batting: RHB Marlon Hernández 0-0: Called Strike
0-1: Foul Ball, location: 2F
0-2: Foul Ball, location: 2F
0-2: Foul Ball, location: 2F
0-2: Ball
1-2: Ball
2-2: Fly out, F9 (Flyball, 9S)
Batting: LHB Mario Álvarez 0-0: Ball
1-0: Fly out, F8 (Flyball, 8LS)
Batting: RHB Remi Eruzione 0-0: Called Strike
0-1: Foul Ball, location: 2F
0-2: Ball
1-2: Foul Ball, location: 2F
1-2: Fly out, F7 (Flyball, 78S)
Top of the 4th over - 0 run(s), 0 hit(s), 0 error(s), 0 left on base; Wilmington 5 - Buffalo 2
BOTTOM OF THE 4TH
Buffalo LightSabres batting - Pitching for Wilmington Rebels : RHP Danny Lee
Batting: RHB Mario Solís 0-0: Ground out 4-3 (Groundball, 4)
Batting: LHB Craig Kenney 0-0: Called Strike
0-1: Ground out 6-3 (Groundball, 56D)
Batting: RHB Gabriel Ángel 0-0: Called Strike
0-1: SINGLE (Groundball, 6MD)
Batting: SHB Clifton Hampton 0-0: Ball
1-0: Called Strike
1-1: Foul Ball, location: 2F
1-2: Ball
2-2: Foul Ball, location: 2F
2-2: Ball
3-2: Base on Balls
Gabriel Ángel to second
Batting: LHB Matt Ruskin 0-0: Ball
1-0: Ball
2-0: Fly out, F8 (Line Drive, 8RS)
Bottom of the 4th over - 0 run(s), 1 hit(s), 0 error(s), 2 left on base; Wilmington 5 - Buffalo 2
TOP OF THE 5TH
Wilmington Rebels batting - Pitching for Buffalo LightSabres : RHP Ben Graham
Pitching: RHP Pat Jackson
Batting: RHB Henry Dawson 0-0: Swinging Strike
0-1: Ball
1-1: Ball
2-1: Foul Ball, location: 2F
2-2: Ground out 6-3 (Groundball, 6)
Batting: RHB Juan Jose Mendoza 0-0: Swinging Strike
0-1: Foul Ball, location: 2F
0-2: SOLO HOME RUN (Flyball, 7D), Distance : 373 ft
Batting: RHB Sergio Moreno 0-0: Ball
1-0: Ball
2-0: Ball
3-0: Called Strike
3-1: Foul Ball, location: 2F
3-2: Base on Balls
Batting: LHB Guillermo Santos 0-0: Called Strike
0-1: Foul Ball, location: 2F
0-2: 2-RUN HOME RUN (Flyball, 89XD), Distance : 420 ft
Pitching: LHP Bobby MacGruder
Batting: RHB Anastasio Movonda 0-0: Foul Ball, location: 2F
0-1: Fly out, F9 (Line Drive, 9S)
Batting: LHB Juan Delgado 0-0: Called Strike
0-1: Ball
1-1: Ground out 6-3 (Groundball, 6)
Top of the 5th over - 3 run(s), 2 hit(s), 0 error(s), 0 left on base; Wilmington 8 - Buffalo 2
BOTTOM OF THE 5TH
Buffalo LightSabres batting - Pitching for Wilmington Rebels : RHP Danny Lee
Batting: SHB Jason Mason 0-0: Ball
1-0: Ball
2-0: Called Strike
2-1: Foul Ball, location: 2F
2-2: Ball
3-2: Strikes out swinging
Batting: RHB Mike Wagner 0-0: Ball
1-0: Ball
2-0: Ball
3-0: Called Strike
3-1: Swinging Strike
3-2: Base on Balls
Batting: LHB Garrett King 0-0: Called Strike
0-1: Ball
1-1: Ball
2-1: Ball
3-1: Fly out, F7 (Flyball, 7LM)
Batting: LHB Zack Payton 0-0: Fielders Choice at 2nd, 4-6 (Groundball, 34)
Bottom of the 5th over - 0 run(s), 0 hit(s), 0 error(s), 0 left on base; Wilmington 8 - Buffalo 2
TOP OF THE 6TH
Wilmington Rebels batting - Pitching for Buffalo LightSabres : LHP Bobby MacGruder
Batting: RHB Marlon Hernández 0-0: Swinging Strike
0-1: Ball
1-1: Ball
2-1: Foul Ball, location: 2F
2-2: Fly out, F9 (Flyball, 9S)
Batting: LHB Mario Álvarez 0-0: Ground out 4-3 (Groundball, 4)
Batting: RHB Remi Eruzione 0-0: Called Strike
0-1: Ball
1-1: Ball
2-1: Ground out 5-3 (Groundball, 56S)
Top of the 6th over - 0 run(s), 0 hit(s), 0 error(s), 0 left on base; Wilmington 8 - Buffalo 2
BOTTOM OF THE 6TH
Buffalo LightSabres batting - Pitching for Wilmington Rebels : RHP Danny Lee
Batting: RHB Mario Solís 0-0: Ground out 1-3 (Groundball, 13S)
Batting: LHB Craig Kenney 0-0: Ground out U3 (Groundball, 3)
Batting: RHB Gabriel Ángel 0-0: Swinging Strike
0-1: Ball
1-1: Foul Ball, location: 2F
1-2: Foul Ball, location: 2F
1-2: Strikes out swinging
Bottom of the 6th over - 0 run(s), 0 hit(s), 0 error(s), 0 left on base; Wilmington 8 - Buffalo 2
TOP OF THE 7TH
Wilmington Rebels batting - Pitching for Buffalo LightSabres : LHP Bobby MacGruder
Batting: RHB Henry Dawson 0-0: Called Strike
0-1: Ball
1-1: Ball
2-1: Foul Ball, location: 2F
2-2: Foul Ball, location: 2F
2-2: Ground out 5-3 (Groundball, 56)
Batting: RHB Juan Jose Mendoza 0-0: Called Strike
0-1: Ground out 6-3 (Groundball, 6)
Batting: RHB Sergio Moreno 0-0: Ball
1-0: Called Strike
1-1: Swinging Strike
1-2: Foul Ball, location: 2F
1-2: Fly out, F8 (Flyball, 78S)
Top of the 7th over - 0 run(s), 0 hit(s), 0 error(s), 0 left on base; Wilmington 8 - Buffalo 2
BOTTOM OF THE 7TH
Buffalo LightSabres batting - Pitching for Wilmington Rebels : RHP Danny Lee
Batting: SHB Clifton Hampton 0-0: Called Strike
0-1: Foul Ball, location: 2F
0-2: Foul Ball, location: 2F
0-2: Ball
1-2: Strikes out swinging
Batting: LHB Matt Ruskin 0-0: Called Strike
0-1: Swinging Strike
0-2: Strikes out swinging
Batting: SHB Jason Mason 0-0: Called Strike
0-1: Swinging Strike
0-2: Foul Ball, location: 2F
0-2: Ball
1-2: Ball
2-2: Foul Ball, location: 2F
2-2: Ball
3-2: SINGLE (Groundball, 4D)
Pitching: RHP Ramón Alaniz
Batting: RHB Mike Wagner 0-0: Called Strike
Jason Mason steals 2nd base
0-1: Swinging Strike
0-2: Strikes out swinging, 2-3 out at first.
Bottom of the 7th over - 0 run(s), 1 hit(s), 0 error(s), 1 left on base; Wilmington 8 - Buffalo 2
TOP OF THE 8TH
Wilmington Rebels batting - Pitching for Buffalo LightSabres : LHP Bobby MacGruder
Batting: LHB Guillermo Santos 0-0: Ball
1-0: Ball
2-0: Ball
3-0: Called Strike
3-1: Foul Ball, location: 2F
3-2: Base on Balls
Batting: RHB Anastasio Movonda 0-0: Ball
1-0: Ball
Guillermo Santos steals 2nd base
2-0: Called Strike
2-1: Foul Ball, location: 2F
2-2: Strikes out swinging
Batting: LHB Juan Delgado 0-0: Ball
1-0: Swinging Strike
Error on foul ball, E9
1-2: Ball
2-2: Foul Ball, location: 2F
2-2: Ball
3-2: Foul Ball, location: 2F
3-2: Foul Ball, location: 2F
3-2: Foul Ball, location: 2F
3-2: Base on Balls
Pitching: RHP Travis Whitney
Batting: RHB Marlon Hernández 0-0: Ball
1-0: Called Strike
1-1: Foul Ball, location: 2F
1-2: Strikes out looking
Batting: LHB Mario Álvarez 0-0: Foul Ball, location: 2F
0-1: Ball
1-1: Foul Ball, location: 2F
1-2: Foul Ball, location: 2F
1-2: Strikes out swinging
Top of the 8th over - 0 run(s), 0 hit(s), 1 error(s), 2 left on base; Wilmington 8 - Buffalo 2
BOTTOM OF THE 8TH
Buffalo LightSabres batting - Pitching for Wilmington Rebels : RHP Ramón Alaniz
Now at 3B: Roy MacCluskie
Now in RF: Miguel Medellín
Batting: LHB Garrett King 0-0: Ball
1-0: Ball
2-0: Ball
3-0: Called Strike
3-1: Called Strike
3-2: Base on Balls
Batting: LHB Zack Payton 0-0: Ground out 5-3 (Groundball, 56S)
Garrett King to second
Batting: RHB Mario Solís 0-0: Ball
1-0: Swinging Strike
1-1: Swinging Strike
1-2: Strikes out swinging
Batting: LHB Craig Kenney 0-0: Called Strike
0-1: Foul Ball, location: 2F
0-2: Ball
1-2: Ball
2-2: Fly out, F3 (Popup, 3L)
Bottom of the 8th over - 0 run(s), 0 hit(s), 0 error(s), 1 left on base; Wilmington 8 - Buffalo 2
TOP OF THE 9TH
Wilmington Rebels batting - Pitching for Buffalo LightSabres : RHP Travis Whitney
Batting: RHB Remi Eruzione 0-0: Called Strike
0-1: Foul Ball, location: 2F
0-2: Foul Ball, location: 2F
0-2: Ball
1-2: Ball
2-2: Strikes out swinging
Batting: RHB Henry Dawson 0-0: Ball
1-0: Ball
2-0: Foul Ball, location: 2F
2-1: Swinging Strike
2-2: Strikes out looking
Batting: RHB Juan Jose Mendoza 0-0: Ball
1-0: Called Strike
1-1: Foul Ball, location: 2F
1-2: Strikes out looking
Top of the 9th over - 0 run(s), 0 hit(s), 0 error(s), 0 left on base; Wilmington 8 - Buffalo 2
BOTTOM OF THE 9TH
Buffalo LightSabres batting - Pitching for Wilmington Rebels : RHP Ramón Alaniz
Now at 1B: Ivan Costello
Batting: RHB Gabriel Ángel 0-0: Ball
1-0: Foul Ball, location: 2F
1-1: Foul Ball, location: 2F
1-2: Ball
2-2: SINGLE (Groundball, 34D)
Batting: SHB Clifton Hampton 0-0: Called Strike
0-1: Foul Ball, location: 2F
0-2: Foul Ball, location: 2F
0-2: Grounds into double play, 4-6-3 (Groundball, 4)
Batting: LHB Matt Ruskin 0-0: Called Strike
0-1: Ball
1-1: Foul Ball, location: 2F
1-2: Ball
2-2: Strikes out looking
Bottom of the 9th over - 0 run(s), 1 hit(s), 0 error(s), 0 left on base; Wilmington 8 - Buffalo 2
Tuesday, August 8th, 2017 - OOTP Baseball 17.12 Build 75